 Dungeon Crawl Stone Soup version 0.28-a0-863-g8cecda6153 (webtiles) character file.

Game seed: 8816542545735713678

539 browni3141 the Skirmisher (level 7, -4/53 HPs)
             Began as a Djinni Fire Elementalist on Nov 19, 2021.
             Was an Initiate of Ashenzari.
             Slain by a hell rat (5 damage)
             ... on level 5 of the Dungeon.
             The game lasted 00:09:29 (4873 turns).

browni3141 the Skirmisher (DjFE)                    Turns: 4873, Time: 00:09:30

Health: -4/53      AC:  5    Str: 13    XL:     7   Next: 51%
Gold:   180        EV: 11    Int: 18    God:    Ashenzari [......] SH:  3 Dex: 14

rFire   + + .      SeeInvis .   l - +0 short sword (venom)
rCold   . . .      Faith    .   d - +0 buckler
rNeg    . . .      Spirit   .   j - +2 robe {rC+}
rPois   ∞          Reflect  .   (no helmet)
rElec   .          Harm     .   (no cloak)
rCorr   .          Rampage  .   p - +0 pair of gloves "Thunder Perfect Mind" {Evo, Fort} (curse)
Will    .....                   (boots unavailable)
Stlth   ++........              (no amulet)
HPRegen 0.17/turn               u - +6 ring of strength
MPRegen 0.00/turn               (no ring)

@: flying
A: sickness immunity, fire resistance 2, cold vulnerability 1, float, innate
caster, hp casting, extra vitality 1
a: Renounce Religion, Shatter the Chains


You were on level 5 of the Dungeon.
You worshipped Ashenzari.
Ashenzari was noncommittal.
You visited 1 branch of the dungeon, and saw 5 of its levels.

You collected 180 gold pieces.

Inventory:

Hand Weapons
 b - a +0 dagger
 g - a +0 mace of venom
 l - a +0 short sword of venom (weapon)
Armour
 a - a +0 robe
 d - a +0 buckler (worn)
 j - a +2 robe of cold resistance (worn)
 p - the cursed +0 pair of gloves "Thunder Perfect Mind" (worn) {Evo, Fort}
   (You found it on level 3 of the Dungeon)

   It has a curse which improves the following skills: Evocations: Evocations.
   Fortitude: Armour and Shields.
Jewellery
 s - a ring of ice
 t - a ring of ice
 u - a +6 ring of strength (left hand)
Scrolls
 c - a scroll of vulnerability {unknown}
 e - a scroll of acquirement {unknown}
 f - 2 scrolls of teleportation {unknown}
 h - a scroll of enchant weapon {unknown}
 m - 4 scrolls of identify {unknown}
 n - a scroll of magic mapping {unknown}
 o - a scroll of fear {unknown}
 r - a scroll of torment {unknown}
Potions
 i - a potion of might {unknown}
 k - a potion of lignification {unknown}
 q - a potion of attraction {unknown}
 v - a potion of ambrosia {unknown}


   Skills:
 * Level 4.6 Fighting
 * Level 2.7(3.2) Armour
 - Level 2.1 Dodging
 - Level 1.5 Stealth
 * Level 4.4 Spellcasting


You couldn't memorise any spells.
You knew the following spells:

 Your Spells              Type           Power      Damage    Failure   Level
a - Foxfire               Conj/Fire      76%        2x1d7     3%          1
b - Scorch                Fire           38%        2d6       6%          2
c - Conjure Flame         Conj/Fire      19%        6-21      12%         3
d - Inner Flame           Hex/Fire       19%        N/A       12%         3
e - Flame Wave            Conj/Fire      19%        3d5       36%         4
f - Slow                  Hex            76%        N/A       3%          1
g - Poisonous Vapours     Pois/Air       38%        N/A       6%          2
h - Vampiric Draining     Necr           19%        2d7       12%         3
Your spell library was empty.

Dungeon Overview and Level Annotations

Branches:
Dungeon (5/15)
 Temple: D:4-7

Altars:
Ashenzari


Innate Abilities, Weirdness & Mutations

You are immune to sickness and miasma.
You are immune to poison.
Your flesh is very heat resistant. (rF++)
You are vulnerable to cold. (rC-)
You float through the air rather than walking.
You learn spells naturally, not from books.
Your magical power is your life essence.
You have superior vitality. (+4 HP)


Message History

You see here a river rat corpse.
A river rat comes into view.
A river rat is nearby!
The helpless river rat fails to defend itself.
You hit the river rat.
The river rat is poisoned.
The river rat is moderately wounded.
The river rat bites you.
You closely miss the river rat.
The river rat is moderately wounded.
The river rat closely misses you.
You hit the river rat but do no damage.
The river rat looks as sick as possible!
The river rat is heavily wounded.
You kill the river rat!
No target in view!
A river rat comes into view.
A river rat is nearby!
A river rat comes into view.
A river rat and a hell rat come into view.
The hell rat roars deafeningly!
You hear a deafening roar! x4
The river rat moves out of view.
A hell rat comes into view.
You closely miss the hell rat. You hit the hell rat but do no damage.
The hell rat is poisoned.
A hell rat comes into view.
The river rat bites you. The hell rat bites you! The river rat misses you.
The hell rat completely misses you. The hell rat bites you!
The hell rat twitches its whiskers.
A hell rat comes into view.
You closely miss the hell rat.
You kill the hell rat!
The hell rat bites you!
You are too injured to fight recklessly!
You hit the hell rat.
The hell rat is poisoned.
The hell rat is lightly wounded.
The hell rat bites you!
* * * LOW HITPOINT WARNING * * *
The hell rat twitches its whiskers.
The hell rat bites you.
You die...

##### #.#r##
##.#†#
##r##r##
#.####r##
##r# ##r##
#r## ##@#
#.## #.## .
..###rr#
##.# ..
...##..#
#.##
...#..##.r#
##†#
#.#..##.#.r
#.#
....##..#...
##.# #
#..###.
...##.## #.
#(## .#
#.###.#


You could see 3 hell rats and a river rat.

Vanquished Creatures
  An ogre (D:4)
  An orc priest (D:4)
  4 hounds
  Jessica (D:2)
  A hell rat (D:5)
  3 orc wizards (D:4)
  3 adders
  4 river rats (D:5)
  An ufetubus (D:4)
  An adder skeleton (D:4)
  A worm (D:3)
  2 dart slugs (D:1)
  12 orcs (D:4)
  12 ball pythons
  6 endoplasms
  5 giant cockroaches
  3 goblins (D:4)
  11 hobgoblins
  2 jackals (D:3)
  4 kobolds
  4 quokkas
  7 bats
  2 frilled lizards
  8 rats
99 creatures vanquished.

Vanquished Creatures (others)
  96 foxfires
96 creatures vanquished.

Grand Total: 195 creatures vanquished

Notes
Turn   | Place    | Note
-------+----------+-------------------------------------------
     0 | D:1      | browni3141 the Djinni Fire Elementalist began the quest for
                  | the Orb.
     0 | D:1      | Reached XP level 1. HP: 15/15 MP: 0/0
   247 | D:1      | Reached XP level 2. HP: 17/22 MP: 0/0
   324 | D:1      | Reached skill level 1 in Fighting
   845 | D:1      | Reached XP level 3. HP: 25/27 MP: 0/0
   845 | D:1      | Learned a level 1 spell: Slow
  1104 | D:2      | Noticed Jessica
  1150 | D:2      | Reached XP level 4. HP: 7/33 MP: 0/0
  1583 | D:2      | Killed Jessica
  1867 | D:2      | Reached XP level 5. HP: 40/40 MP: 0/0
  1867 | D:2      | Learned a level 2 spell: Poisonous Vapours
  1975 | D:2      | Found a broken altar of Ashenzari.
  2221 | D:3      | Found a faded altar of an unknown god.
  2294 | D:2      | Became a worshipper of Ashenzari the Shackled
  3191 | D:4      | Reached XP level 6. HP: 33/46 MP: 0/0
  3447 | D:4      | Noticed an ogre
  3461 | D:4      | Killed an ogre
  3462 | D:4      | Reached skill level 1 in Armour
  3669 | D:4      | Reached XP level 7. HP: 52/52 MP: 0/0
  3669 | D:4      | Learned a level 3 spell: Vampiric Draining
  4619 | D:5      | Entered Level 5 of the Dungeon
  4872 | D:5      | HP: 1/53 [hell rat (16)]
  4873 | D:5      | Slain by a hell rat

Illustrated notes

Levels and vault maps discovered:
D:1:      mrwooster_arrival_statue_3, layout_basic,
          minmay_misc_feat_secret_circle
D:2:      layout_basic, basic_altar, st_stairs_3, uniq_jessica
D:3:      minmay_evil_eye, layout_basic, dreamdust_ecumenical_altar_statues,
          grunt_decor_one_mirror
D:4:      layout_basic, serial_curves, eino_curves_04, eino_curves_02,
          st_stairs_9, grunt_ministairs_14, hangedman_decor_diamond_cutter
D:5:      wander_guarded_unrand_ratskin, layout_basic, uniq_ijyb,
          uniq_eustachio, uniq_pikel

Skill      XL: |  1  2  3  4  5  6 |
---------------+-------------------+-----
Fighting       | 1 2 3 4 |  4.6
Spellcasting   | 3 4 |  4.4
Armour         | 2 |  2.7
Dodging        | |  2.1
Stealth        | |  1.5

Action                   |  1- 3 |  4- 6 |  7- 9 || total
-------------------------+-------+-------+-------++-------
Melee: Unarmed           |     6 |       |       ||     6
       Mace              |    25 |     9 |       ||    34
       Short sword       |       |   125 |    86 ||   211
 Cast: Foxfire           |    22 |    24 |     6 ||    52
Invok: Curse Item        |       |     1 |       ||     1
 Stab: Sleeping          |     1 |     5 |     2 ||     8
       Distracted        |       |     1 |       ||     1
Armor: Robe              |    13 |    43 |    17 ||    73
Dodge: Dodged            |    21 |    82 |    49 ||   152
Block: Buckler           |     6 |    20 |    12 ||    38

Table legend: (Time is in decaauts)
 A = Elapsed time spent in this place.
 B = Non-inter-level travel time spent in this place.
 C = Inter-level travel time spent in this place.
 D = Time resting spent in this place.
 E = Time spent auto-exploring this place.
 F = Levels seen in this place.
 G = Mean time per level.
                   A        B        C        D        E       F      G
               +--------+--------+--------+--------+--------+-----+--------+
         Total |   4926 |   4727 |    199 |    330 |   3476 |   5 |  985.2 |
       Dungeon |   4926 |   4727 |    199 |    330 |   3476 |   5 |  985.2 |
               +--------+--------+--------+--------+--------+-----+--------+

Top non-repeatable levels by time:
     D:4: 1566 daAuts
     D:2: 1234 daAuts
     D:1: 1070 daAuts
     D:3: 796 daAuts
     D:5: 259 daAuts
